[Event "ESTCC 50 2019"]
[Site "Mali Losinj"]
[Date "2019.09.25"]
[Round "8.12"]
[White "Leib, Britta"]
[Black "Plesec, Damjan"]
[Result "0-1"]
[ECO "B01"]
[WhiteElo "1883"]
[BlackElo "2216"]
[Annotator "NA"]
[PlyCount "84"]
[EventDate "2019.09.18"]
[EventType "team-tourn"]
[EventCountry "CRO"]
[SourceTitle "playchess.com"]
[Source "ChessBase"]
[SourceQuality "1"]
[WhiteTeam "Germany"]
[BlackTeam "Slovenia"]
[WhiteTeamCountry "GER"]
[BlackTeamCountry "SLO"]
[TimeControl "40/5400+30:1800+30"]

1. e4 d5 2. exd5 Qxd5 3. Nc3 Qa5 4. Bc4 Nf6 5. Nge2 c6 6. d3 Bf5 7. O-O e6 8. Bf4 Nbd7 9. h3 Nb6 10. Bb3 Nbd5 11. Bh2 Be7 12. a3 O-O 13. Nxd5 cxd5 14. Re1 Rfe8 15. g4 Bg6 16. Nf4 Bd6 17. Nxg6 Bxh2+ 18. Kxh2 hxg6 19. f3 b5 20. d4 Qc7+ 21. Kg2 a5 22. a4 b4 23. Qd2 Rec8 24. Re2 Nd7 25. Qe3 Nb6 26. Qe5 Qxe5 27. dxe5 Nd7 28. Ba2 Rc7 29. Rd1 g5 30. Kg3 Rac8 31. Bb3 Kf8 32. h4 gxh4+ 33. Kxh4 Ke7 34. Kg3 Rh8 35. Ba2 g5 36. Rg1 Rcc8 37. Bb1 Nc5 38. b3 Nd7 39. Rge1 Rc3 40. Rf1 Rh4 41. Rd1 Nf8 42. Rd3 Rh1 0-1

[Event "ESTCC 50 2019"]
[Site "Mali Losinj"]
[Date "2019.09.25"]
[Round "8.13"]
[White "Ponce Navalon, Jose"]
[Black "Krebs, Johann"]
[Result "1-0"]
[ECO "B27"]
[WhiteElo "2024"]
[BlackElo "2226"]
[Annotator "NA"]
[PlyCount "93"]
[EventDate "2019.09.18"]
[EventType "team-tourn"]
[EventCountry "CRO"]
[SourceTitle "playchess.com"]
[Source "ChessBase"]
[SourceQuality "1"]
[WhiteTeam "Spain"]
[BlackTeam "Austria"]
[WhiteTeamCountry "ESP"]
[BlackTeamCountry "AUT"]
[TimeControl "40/5400+30:1800+30"]

1. e4 g6 2. d4 Bg7 3. Nf3 c5 4. dxc5 Qa5+ 5. c3 Qxc5 6. Be3 Qa5 7. Nbd2 Nc6 8. Bc4 Nf6 9. Qe2 O-O 10. h3 d6 11. O-O Bd7 12. Bf4 Rac8 13. Qe3 b5 14. b4 Qa6 15. Bb3 Qb7 16. Rac1 a5 17. a3 Ra8 18. Ra1 Rfc8 19. Rfd1 Nd8 20. e5 dxe5 21. Nxe5 Be6 22. c4 axb4 23. axb4 Rxa1 24. Rxa1 bxc4 25. Ndxc4 Nd5 26. Na5 Nxe3 27. Nxb7 Bxb3 28. Nxd8 Nd5 29. Ndc6 f6 30. Na7 Ra8 31. Nd3 Bc4 32. Ra5 Nc3 33. Nb2 Ne2+ 34. Kh2 Bf7 35. Be3 f5 36. Nd3 Nc3 37. Ne5 Nd5 38. Nac6 Re8 39. Bc5 Bf6 40. Ra7 Be6 41. b5 Bxe5+ 42. Nxe5 Rb8 43. Ra5 Nc3 44. b6 Bd5 45. Bd4 Ne2 46. Rxd5 Nxd4 47. Nd7 1-0

[Event "ESTCC 50 2019"]
[Site "Mali Losinj"]
[Date "2019.09.25"]
[Round "8.14"]
[White "Wegerer, Fred"]
[Black "Pastor Alonso De Prado, Alberto"]
[Result "1-0"]
[ECO "A07"]
[WhiteElo "2171"]
[BlackElo "2010"]
[Annotator "NA"]
[PlyCount "107"]
[EventDate "2019.09.18"]
[EventType "team-tourn"]
[EventCountry "CRO"]
[SourceTitle "playchess.com"]
[Source "ChessBase"]
[SourceQuality "1"]
[WhiteTeam "Austria"]
[BlackTeam "Spain"]
[WhiteTeamCountry "AUT"]
[BlackTeamCountry "ESP"]
[TimeControl "40/5400+30:1800+30"]

1. g3 d5 2. Bg2 Nf6 3. Nf3 c6 4. b3 Bg4 5. Ba3 Nbd7 6. c4 Bxf3 7. Bxf3 dxc4 8. bxc4 Ne5 9. Qb3 Nxf3+ 10. Qxf3 Qd4 11. Nc3 h5 12. Rb1 O-O-O 13. O-O h4 14. Rb3 hxg3 15. hxg3 Qxc4 16. Rfb1 Rd7 17. d3 Qa6 18. Bc5 e6 19. Ra3 Qxa3 20. Bxa3 Bxa3 21. Qe3 Kb8 22. Kg2 Bd6 23. Qf3 Be5 24. Nd1 Kc8 25. Ne3 Bc7 26. Nc4 Rd5 27. e4 Rdh5 28. Qe3 b5 29. Qxa7 bxc4 30. Rb7 Ne8 31. dxc4 Rh2+ 32. Kf3 f5 33. e5 g5 34. Rb3 Bxe5 35. Qb7+ Kd8 36. Rd3+ Nd6 37. c5 g4+ 38. Ke2 R2h7 39. Qb8+ Kd7 40. Rxd6+ Bxd6 41. Qxd6+ Ke8 42. Qxc6+ Kf7 43. Qd6 Re8 44. c6 Rhh8 45. c7 Ra8 46. a4 Rhe8 47. Qd7+ Kf6 48. a5 Rec8 49. a6 Rxc7 50. Qxc7 Rxa6 51. Qd8+ Kf7 52. Ke3 e5 53. Qd3 Rf6 54. Qd7+ 1-0

[Event "ESTCC 50 2019"]
[Site "Mali Losinj"]
[Date "2019.09.25"]
[Round "8.15"]
[White "Ruiz Bellon, Manuel"]
[Black "Kainz, Josef"]
[Result "1-0"]
[ECO "B22"]
[WhiteElo "1973"]
[BlackElo "1922"]
[Annotator "NA"]
[PlyCount "91"]
[EventDate "2019.09.18"]
[EventType "team-tourn"]
[EventCountry "CRO"]
[SourceTitle "playchess.com"]
[Source "ChessBase"]
[SourceQuality "1"]
[WhiteTeam "Spain"]
[BlackTeam "Austria"]
[WhiteTeamCountry "ESP"]
[BlackTeamCountry "AUT"]
[TimeControl "40/5400+30:1800+30"]

1. e4 c5 2. c3 Nf6 3. e5 Nd5 4. Nf3 e6 5. d4 cxd4 6. cxd4 Nc6 7. Bc4 Nb6 8. Bb3 d5 9. O-O Be7 10. Nc3 O-O 11. a3 f5 12. Ne2 Bd7 13. Re1 Kh8 14. g3 g5 15. Kg2 Be8 16. h4 Bh5 17. Nxg5 Qd7 18. Qd3 Bxe2 19. Rxe2 Nd8 20. Qf3 Nf7 21. Bf4 Bxg5 22. hxg5 Rg8 23. Qh5 Qe7 24. Rh1 Nxg5 25. Qh6 Rg7 26. Qf6 Qxf6 27. exf6 Rg6 28. Bxg5 Rxg5 29. Rxe6 Rg6 30. Re7 h6 31. f7 Kg7 32. Rxb7 Nc4 33. Bxc4 dxc4 34. Rc1 Rc6 35. Rd7 a6 36. d5 Rc5 37. Re1 Rf8 38. Re5 Rb5 39. Rxf5 Rxb2 40. Rf3 a5 41. Rc3 Rc8 42. d6 Rb3 43. Rc7 Rd8 44. R3xc4 Rxa3 45. Rg4+ Kh8 46. Re7 1-0

[Event "ESTCC 50 2019"]
[Site "Mali Losinj"]
[Date "2019.09.25"]
[Round "8.16"]
[White "Detter, Peter"]
[Black "Rodriguez Bernal, Herman"]
[Result "1/2-1/2"]
[ECO "E80"]
[WhiteElo "1982"]
[BlackElo "1735"]
[Annotator "NA"]
[PlyCount "85"]
[EventDate "2019.09.18"]
[EventType "team-tourn"]
[EventCountry "CRO"]
[SourceTitle "playchess.com"]
[Source "ChessBase"]
[SourceQuality "1"]
[WhiteTeam "Austria"]
[BlackTeam "Spain"]
[WhiteTeamCountry "AUT"]
[BlackTeamCountry "ESP"]
[TimeControl "40/5400+30:1800+30"]

1. d4 Nf6 2. c4 g6 3. Nc3 Bg7 4. e4 d6 5. f3 a5 6. Bg5 Na6 7. Qd2 h6 8. Be3 Bd7 9. g3 e5 10. d5 Nc5 11. Nh3 Qe7 12. Nf2 g5 13. Nd3 g4 14. Nxc5 dxc5 15. Be2 gxf3 16. Bxf3 Ng4 17. Bxg4 Bxg4 18. h3 Bd7 19. O-O-O Qd6 20. Qf2 b6 21. g4 f6 22. Ne2 O-O-O 23. Ng3 Rdf8 24. Rhg1 Kb7 25. Nf5 Bxf5 26. gxf5 Rf7 27. Rg6 h5 28. Rdg1 Rh7 29. h4 Qd7 30. Kb1 Qd8 31. Qc2 Qd6 32. Qd2 Bf8 33. Qd1 Qd7 34. R1g3 c6 35. Rg2 cxd5 36. cxd5 Qd6 37. R2g3 Qd7 38. Bd2 Ka6 39. Rb3 Bd6 40. Qe2+ Ka7 41. Rbg3 Bf8 42. Ra3 Kb7 43. Rb3 1/2-1/2

[Event "ESTCC 50 2019"]
[Site "Mali Losinj"]
[Date "2019.09.25"]
[Round "8.17"]
[White "Lauritzen, Einar"]
[Black "Blatny, Pavel"]
[Result "0-1"]
[ECO "A84"]
[WhiteElo "1990"]
[BlackElo "2325"]
[Annotator "NA"]
[PlyCount "64"]
[EventDate "2019.09.18"]
[EventType "team-tourn"]
[EventCountry "CRO"]
[SourceTitle "playchess.com"]
[Source "ChessBase"]
[SourceQuality "1"]
[WhiteTeam "Norway"]
[BlackTeam "Czech Republic"]
[WhiteTeamCountry "NOR"]
[BlackTeamCountry "CZE"]
[TimeControl "40/5400+30:1800+30"]

1. d4 e6 2. Nf3 b6 3. g3 Bb7 4. Bg2 f5 5. c4 Be7 6. Nc3 Nf6 7. O-O Ne4 8. Qc2 Nxc3 9. Qxc3 Bf6 10. b4 O-O 11. Qd2 a5 12. b5 Qe7 13. Bb2 d6 14. Rac1 Nd7 15. Ba3 Rfd8 16. Qe3 Qe8 17. c5 dxc5 18. dxc5 Bd5 19. Nd4 Bxd4 20. Qxd4 Bxg2 21. Kxg2 Nxc5 22. Qe5 Rd5 23. Qxc7 Qxb5 24. Rb1 Qxe2 25. Rxb6 Qe4+ 26. Kg1 Nd7 27. Rd6 Ne5 28. f3 Nxf3+ 29. Rxf3 Qxf3 30. Rxd5 exd5 31. Bd6 Re8 32. Be5 Qe3+ 0-1

[Event "ESTCC 50 2019"]
[Site "Mali Losinj"]
[Date "2019.09.25"]
[Round "8.18"]
[White "Priehoda, Vitezslav"]
[Black "Andersen, Per O"]
[Result "1/2-1/2"]
[ECO "B40"]
[WhiteElo "2352"]
[BlackElo "1971"]
[Annotator "NA"]
[PlyCount "61"]
[EventDate "2019.09.18"]
[EventType "team-tourn"]
[EventCountry "CRO"]
[SourceTitle "playchess.com"]
[Source "ChessBase"]
[SourceQuality "1"]
[WhiteTeam "Czech Republic"]
[BlackTeam "Norway"]
[WhiteTeamCountry "CZE"]
[BlackTeamCountry "NOR"]
[TimeControl "40/5400+30:1800+30"]

1. Nf3 c5 2. e4 e6 3. d3 Nc6 4. g3 g6 5. d4 cxd4 6. Nxd4 Bg7 7. Be3 Nge7 8. Nc3 d5 9. Bg2 Nxd4 10. Bxd4 e5 11. Bc5 d4 12. Bxe7 Qxe7 13. Nd5 Qd8 14. c3 dxc3 15. Nxc3 O-O 16. h4 h5 17. O-O Be6 18. Qe2 Qe7 19. Rfd1 Rfd8 20. Rxd8+ Rxd8 21. Rd1 Rxd1+ 22. Qxd1 Bf8 23. Nd5 Bxd5 24. Qxd5 Qc7 25. Bf1 Bd6 26. Bc4 Kg7 27. Kg2 Qe7 28. b3 Qc7 29. a4 Qe7 30. Qd3 a5 31. Bd5 1/2-1/2

[Event "ESTCC 50 2019"]
[Site "Mali Losinj"]
[Date "2019.09.25"]
[Round "8.19"]
[White "Ortoft, Kai"]
[Black "Konopka, Michal"]
[Result "0-1"]
[ECO "D02"]
[WhiteElo "1957"]
[BlackElo "2351"]
[Annotator "NA"]
[PlyCount "52"]
[EventDate "2019.09.18"]
[EventType "team-tourn"]
[EventCountry "CRO"]
[SourceTitle "playchess.com"]
[Source "ChessBase"]
[SourceQuality "1"]
[WhiteTeam "Norway"]
[BlackTeam "Czech Republic"]
[WhiteTeamCountry "NOR"]
[BlackTeamCountry "CZE"]
[TimeControl "40/5400+30:1800+30"]

1. d4 g6 2. Nf3 Bg7 3. g3 d5 4. Bg2 Nf6 5. O-O O-O 6. Nbd2 a5 7. c4 dxc4 8. Nxc4 Be6 9. Nce5 Bd5 10. b3 c6 11. e3 Nbd7 12. Nd3 a4 13. b4 a3 14. Re1 Qc7 15. Nfe5 Nxe5 16. Nxe5 Bxg2 17. Kxg2 Nd5 18. Nd3 e5 19. dxe5 Bxe5 20. Nxe5 Qxe5 21. Bd2 Rfd8 22. Qc2 Qb2 23. Rec1 Nf4+ 24. gxf4 Rxd2 25. Qb3 Rxf2+ 26. Kg3 Rxh2 0-1

[Event "ESTCC 50 2019"]
[Site "Mali Losinj"]
[Date "2019.09.25"]
[Round "8.20"]
[White "Spacek, Petr"]
[Black "Jenssen, Ove S"]
[Result "1-0"]
[ECO "A07"]
[WhiteElo "2352"]
[BlackElo "1827"]
[Annotator "NA"]
[PlyCount "81"]
[EventDate "2019.09.18"]
[EventType "team-tourn"]
[EventCountry "CRO"]
[SourceTitle "playchess.com"]
[Source "ChessBase"]
[SourceQuality "1"]
[WhiteTeam "Czech Republic"]
[BlackTeam "Norway"]
[WhiteTeamCountry "CZE"]
[BlackTeamCountry "NOR"]
[TimeControl "40/5400+30:1800+30"]

1. Nf3 Nf6 2. g3 d5 3. Bg2 c6 4. O-O Bf5 5. d3 e6 6. b3 Be7 7. Bb2 Nbd7 8. Nbd2 O-O 9. Qe1 Rc8 10. e4 Bg6 11. Nh4 Ne8 12. Nxg6 hxg6 13. Qe2 Bf6 14. e5 Be7 15. h4 Nc7 16. Qg4 Qe8 17. Rae1 f6 18. exf6 Bxf6 19. Bxf6 Nxf6 20. Qg5 Nh7 21. Qe3 b6 22. Nf3 c5 23. c3 Rf6 24. Bh3 Nf8 25. c4 Rd8 26. Ng5 Qc6 27. Re2 e5 28. Bg2 Qd7 29. Qxe5 Re8 30. Qb2 d4 31. Rfe1 Nfe6 32. Bh3 Qc6 33. Bxe6+ Nxe6 34. Re4 Nc7 35. Rxe8+ Nxe8 36. Qe2 Nd6 37. Qe5 Qd7 38. Qd5+ Kh8 39. Re5 Rf5 40. Rxf5 gxf5 41. Qxd6 1-0

[Event "ESTCC 50 2019"]
[Site "Mali Losinj"]
[Date "2019.09.25"]
[Round "8.21"]
[White "Jackson, Sheila"]
[Black "Druckenthaner, Andreas"]
[Result "0-1"]
[ECO "C64"]
[WhiteElo "2046"]
[BlackElo "2283"]
[Annotator "RC"]
[PlyCount "99"]
[EventDate "2019.09.18"]
[EventType "team-tourn"]
[EventCountry "CRO"]
[SourceTitle "playchess.com"]
[Source "ChessBase"]
[SourceQuality "1"]
[WhiteTeam "England"]
[BlackTeam "Austria"]
[WhiteTeamCountry "ENG"]
[BlackTeamCountry "AUT"]
[TimeControl "40/5400+30:1800+30"]

1. e4 e5 2. Nf3 Nc6 3. Bb5 Bc5 4. O-O Nd4 5. Nxd4 Bxd4 6. c3 Bb6 7. d4 c6 8. Ba4 d6 9. dxe5 dxe5 10. Qxd8+ Bxd8 11. Be3 Nf6 12. f3 Bb6 13. Kf2 Be6 14. Rd1 Nd7 15. Bb3 Ke7 16. Bxe6 Kxe6 17. b3 g6 18. Nd2 f5 19. exf5+ gxf5 20. Nc4 Bc7 21. Re1 Rhe8 22. Rad1 b5 23. Nb2 Nf6 24. c4 Bb6 25. Bxb6 axb6 26. a4 e4 27. cxb5 cxb5 28. axb5 Ra2 29. Rd2 Rc8 30. Ree2 Rc3 31. Nc4 Rxd2 32. Nxd2 Kd5 33. h3 Kd4 34. fxe4 fxe4 35. Nc4 Rxb3 36. Nxb6 e3+ 37. Kf3 Rxb5 38. Rxe3 Rxb6 39. g4 Rb7 40. g5 Nd5 41. Re8 Re7 42. Rg8 Ke5 43. Kg4 Ke6 44. Rf8 Rf7 45. Re8+ Ne7 46. h4 Rg7 47. h5 h6 48. g6 Rg8 49. Rxg8 Nxg8 50. Kf4 0-1

[Event "ESTCC 50 2019"]
[Site "Mali Losinj"]
[Date "2019.09.25"]
[Round "8.22"]
[White "Opl, Klaus"]
[Black "Mashayekh, Majid"]
[Result "1-0"]
[ECO "B67"]
[WhiteElo "2207"]
[BlackElo "1875"]
[Annotator "NA"]
[PlyCount "45"]
[EventDate "2019.09.18"]
[EventType "team-tourn"]
[EventCountry "CRO"]
[SourceTitle "playchess.com"]
[Source "ChessBase"]
[SourceQuality "1"]
[WhiteTeam "Austria"]
[BlackTeam "England"]
[WhiteTeamCountry "AUT"]
[BlackTeamCountry "ENG"]
[TimeControl "40/5400+30:1800+30"]

1. e4 c5 2. Nf3 Nc6 3. d4 cxd4 4. Nxd4 Nf6 5. Nc3 d6 6. Bg5 e6 7. Qd2 a6 8. O-O-O Bd7 9. f4 h6 10. Bh4 Nxe4 11. Qe1 Nf6 12. Nf5 Be7 13. Nxd6+ Bxd6 14. Rxd6 Qc7 15. Rd2 Ne7 16. Bxf6 gxf6 17. Ne4 Ng8 18. f5 e5 19. Bc4 Rh7 20. Nd6+ Kf8 21. Qg3 Bxf5 22. Nxf5 Qxc4 23. Qa3+ 1-0

[Event "ESTCC 50 2019"]
[Site "Mali Losinj"]
[Date "2019.09.25"]
[Round "8.23"]
[White "Wood, Peter R"]
[Black "Watzka, Horst"]
[Result "0-1"]
[ECO "B25"]
[WhiteElo "1884"]
[BlackElo "2187"]
[Annotator "NA"]
[PlyCount "99"]
[EventDate "2019.09.18"]
[EventType "team-tourn"]
[EventCountry "CRO"]
[SourceTitle "playchess.com"]
[Source "ChessBase"]
[SourceQuality "1"]
[WhiteTeam "England"]
[BlackTeam "Austria"]
[WhiteTeamCountry "ENG"]
[BlackTeamCountry "AUT"]
[TimeControl "40/5400+30:1800+30"]

1. e4 c5 2. Nc3 Nc6 3. g3 d6 4. Bg2 g6 5. d3 Bg7 6. f4 e6 7. Nf3 Nge7 8. O-O O-O 9. Be3 Nd4 10. Qd2 Rb8 11. Nd1 b5 12. c3 Nxf3+ 13. Bxf3 b4 14. d4 bxc3 15. bxc3 Ba6 16. Be2 Bxe2 17. Qxe2 cxd4 18. cxd4 Qa5 19. Nf2 Qa4 20. Qd1 Qxd1 21. Rfxd1 Rfc8 22. Rdc1 d5 23. e5 Nf5 24. Nd1 Bf8 25. Bf2 h5 26. Rab1 Rc2 27. Rxc2 Rxb1 28. Rd2 Bb4 29. Rd3 Ra1 30. a3 Rxa3 31. Rxa3 Bxa3 32. Nc3 Bb2 33. Na4 Bxd4 34. Bxd4 Nxd4 35. Kf2 Kf8 36. Ke3 Nf5+ 37. Kd3 Ke7 38. Nc5 Kd8 39. Na6 Kc8 40. Nb4 Kb7 41. Na2 Kb6 42. Nc3 Kc5 43. Ne2 Kb4 44. h3 a5 45. g4 hxg4 46. hxg4 Nh6 47. f5 gxf5 48. g5 Ng8 49. Nf4 Ne7 50. Kd4 0-1

[Event "ESTCC 50 2019"]
[Site "Mali Losinj"]
[Date "2019.09.25"]
[Round "8.24"]
[White "Ernst, Michael"]
[Black "Denning, Julie L"]
[Result "1/2-1/2"]
[ECO "E90"]
[WhiteElo "2199"]
[BlackElo "1629"]
[Annotator "ChessBase"]
[PlyCount "129"]
[EventDate "2019.09.18"]
[EventType "team-tourn"]
[EventCountry "CRO"]
[SourceTitle "playchess.com"]
[Source "ChessBase"]
[SourceQuality "1"]
[WhiteTeam "Austria"]
[BlackTeam "England"]
[WhiteTeamCountry "AUT"]
[BlackTeamCountry "ENG"]
[TimeControl "40/5400+30:1800+30"]

1. d4 Nf6 2. c4 g6 3. Nc3 Bg7 4. e4 d6 5. h3 O-O 6. Nf3 Nbd7 7. Bg5 c5 8. d5 Re8 9. Bd3 Qb6 10. Qc2 e6 11. O-O exd5 12. cxd5 a6 13. Rfe1 Ne5 14. Nxe5 Rxe5 15. Bf4 Re8 16. a4 Nd7 17. a5 Qc7 18. Bf1 Be5 19. Bd2 Bg7 20. Na4 Rb8 21. Rac1 Ne5 22. f4 Nd7 23. b4 Bd4+ 24. Kh1 Nf6 25. bxc5 Qe7 26. cxd6 Qxd6 27. e5 Qxd5 28. exf6 Bxh3 29. Bc3 Bd7 30. Bxd4 Rxe1 31. Rxe1 Qxd4 32. Nc5 Bf5 33. Bd3 Bxd3 34. Nxd3 Qxf6 35. Re5 Qd8 36. Qc4 Rc8 37. Qe4 b5 38. axb6 Qxb6 39. Re8+ Rxe8 40. Qxe8+ Kg7 41. Ne5 Qb1+ 42. Kh2 Qf5 43. Qa4 Qh5+ 44. Kg3 Qe2 45. Nf3 Qe6 46. Qd4+ Qf6 47. Qd5 h6 48. Qc5 Qe6 49. Kf2 Qa2+ 50. Kg1 Qa1+ 51. Kh2 Qf6 52. g3 Qb2+ 53. Kh3 Qa1 54. g4 Qf1+ 55. Kg3 Qa1 56. f5 g5 57. Qe3 Qf6 58. Qc5 Qa1 59. Qe3 Qf6 60. Qa3 Qc6 61. Qe7 Qf6 62. Qc5 Qa1 63. Qe7 Qf6 64. Qa3 Qc6 65. Qe7 1/2-1/2

[Event "ESTCC 50 2019"]
[Site "Mali Losinj"]
[Date "2019.09.26"]
[Round "9.1"]
[White "Kozul, Zdenko"]
[Black "Ponce Navalon, Jose"]
[Result "1-0"]
[ECO "D30"]
[WhiteElo "2569"]
[BlackElo "2024"]
[Annotator "ChessBase"]
[PlyCount "45"]
[EventDate "2019.09.18"]
[EventType "team-tourn"]
[EventCountry "CRO"]
[SourceTitle "playchess.com"]
[Source "ChessBase"]
[SourceQuality "1"]
[WhiteTeam "Croatia"]
[BlackTeam "Spain"]
[WhiteTeamCountry "CRO"]
[BlackTeamCountry "ESP"]
[TimeControl "40/5400+30:1800+30"]

1. d4 d5 2. c4 e6 3. Nf3 c5 4. cxd5 exd5 5. g3 Nf6 6. Bg2 Be7 7. O-O O-O 8. dxc5 Ne4 9. Be3 Na6 10. Nbd2 Naxc5 11. Nxe4 Nxe4 12. Qb3 b6 13. Rad1 Bb7 14. Nd4 Qc8 15. Nb5 Rd8 16. Bxe4 dxe4 17. Rxd8+ Qxd8 18. Rd1 Qc8 19. Rc1 Qf5 20. Rc7 Bd5 21. Qa4 Bc5 22. Bxc5 e3 23. Bxe3 1-0

[Event "ESTCC 50 2019"]
[Site "Mali Losinj"]
[Date "2019.09.26"]
[Round "9.2"]
[White "Pastor Alonso De Prado, Alberto"]
[Black "Zelcic, Robert"]
[Result "0-1"]
[ECO "B12"]
[WhiteElo "2010"]
[BlackElo "2503"]
[Annotator "ChessBase"]
[PlyCount "62"]
[EventDate "2019.09.18"]
[EventType "team-tourn"]
[EventCountry "CRO"]
[SourceTitle "playchess.com"]
[Source "ChessBase"]
[SourceQuality "1"]
[WhiteTeam "Spain"]
[BlackTeam "Croatia"]
[WhiteTeamCountry "ESP"]
[BlackTeamCountry "CRO"]
[TimeControl "40/5400+30:1800+30"]

1. e4 c6 2. d4 d5 3. e5 Bf5 4. a3 e6 5. c4 Nd7 6. Nc3 Ne7 7. c5 b6 8. b4 a5 9. Be3 f6 10. f4 g5 11. Nf3 gxf4 12. Bxf4 Ng6 13. g3 axb4 14. axb4 Rxa1 15. Qxa1 fxe5 16. Bg5 Be7 17. Bxe7 Nxe7 18. Be2 O-O 19. g4 Be4 20. Nxe4 dxe4 21. Ng5 Nd5 22. h4 Qf6 23. Rf1 Qh6 24. Rxf8+ Nxf8 25. Nxe4 Qe3 26. cxb6 Qxe4 27. b7 Qh1+ 28. Bf1 Qxh4+ 29. Ke2 Qh2+ 30. Kd3 e4+ 31. Kxe4 Qg3 0-1

[Event "ESTCC 50 2019"]
[Site "Mali Losinj"]
[Date "2019.09.26"]
[Round "9.3"]
[White "Kurajica, Bojan"]
[Black "Lopez de Turiso, Jose Angel"]
[Result "1-0"]
[ECO "D02"]
[WhiteElo "2493"]
[BlackElo "1945"]
[Annotator "ChessBase"]
[PlyCount "41"]
[EventDate "2019.09.18"]
[EventType "team-tourn"]
[EventCountry "CRO"]
[SourceTitle "playchess.com"]
[Source "ChessBase"]
[SourceQuality "1"]
[WhiteTeam "Croatia"]
[BlackTeam "Spain"]
[WhiteTeamCountry "CRO"]
[BlackTeamCountry "ESP"]
[TimeControl "40/5400+30:1800+30"]

1. Nf3 d5 2. d4 Bg4 3. Ne5 Bh5 4. Qd3 Qc8 5. c4 f6 6. g4 fxe5 7. gxh5 dxc4 8. Qxc4 exd4 9. Bg2 Nf6 10. Qxd4 Nbd7 11. Nc3 c6 12. h6 gxh6 13. Bh3 Qc7 14. Be3 e5 15. Qh4 Be7 16. Rg1 Rg8 17. Rxg8+ Nxg8 18. Qh5+ Kf8 19. Bxh6+ Nxh6 20. Qxh6+ Kg8 21. Qe6+ 1-0

[Event "ESTCC 50 2019"]
[Site "Mali Losinj"]
[Date "2019.09.26"]
[Round "9.4"]
[White "Rodriguez Bernal, Herman"]
[Black "Fercec, Nenad"]
[Result "0-1"]
[ECO "E12"]
[WhiteElo "1735"]
[BlackElo "2439"]
[Annotator "NA"]
[PlyCount "61"]
[EventDate "2019.09.18"]
[EventType "team-tourn"]
[EventCountry "CRO"]
[SourceTitle "playchess.com"]
[Source "ChessBase"]
[SourceQuality "1"]
[WhiteTeam "Spain"]
[BlackTeam "Croatia"]
[WhiteTeamCountry "ESP"]
[BlackTeamCountry "CRO"]
[TimeControl "40/5400+30:1800+30"]

1. d4 Nf6 2. c4 b6 3. Nc3 Bb7 4. Bg5 e6 5. Nf3 h6 6. Bxf6 Qxf6 7. e4 g5 8. Be2 g4 9. Ne5 h5 10. Qa4 Bd6 11. O-O-O Bxe5 12. dxe5 Qxe5 13. f3 Nc6 14. Kb1 O-O-O 15. Rd2 Kb8 16. Rhd1 d6 17. Nb5 gxf3 18. Bxf3 a6 19. Nd4 Nxd4 20. Rxd4 Rhg8 21. b4 f5 22. c5 fxe4 23. c6 exf3 24. cxb7 Kxb7 25. Rc1 Rg7 26. Qc6+ Kb8 27. Re4 Qf5 28. gxf3 Qxf3 29. Rxe6 Qf5+ 30. Qe4 Qxe4+ 31. Rxe4 0-1

[Event "ESTCC 50 2019"]
[Site "Mali Losinj"]
[Date "2019.09.26"]
[Round "9.5"]
[White "Wallace, Paul"]
[Black "Burmakin, Vladimir"]
[Result "0-1"]
[ECO "B13"]
[WhiteElo "2153"]
[BlackElo "2496"]
[Annotator "ChessBase"]
[PlyCount "82"]
[EventDate "2019.09.18"]
[EventType "team-tourn"]
[EventCountry "CRO"]
[SourceTitle "playchess.com"]
[Source "ChessBase"]
[SourceQuality "1"]
[WhiteTeam "IRL"]
[BlackTeam "RUS"]
[WhiteTeamCountry "AUS"]
[BlackTeamCountry "RUS"]
[TimeControl "40/5400+30:1800+30"]

1. e4 c6 2. d4 d5 3. exd5 cxd5 4. Bd3 Nf6 5. Bf4 g6 6. Nf3 Bg7 7. O-O O-O 8. Nbd2 Nc6 9. c3 Nh5 10. Bg3 Nxg3 11. hxg3 Rb8 12. Re1 Re8 13. a4 Qd6 14. Qe2 e5 15. dxe5 Nxe5 16. Nxe5 Rxe5 17. Qf1 Rxe1 18. Qxe1 Bd7 19. Nf3 Qb6 20. Qd2 a5 21. Bf1 Bc6 22. Nd4 Bxd4 23. cxd4 Re8 24. Bb5 Re4 25. Bxc6 bxc6 26. Rd1 Qb3 27. f3 Re8 28. Re1 Ra8 29. Ra1 Rb8 30. Qxa5 Qxb2 31. Rd1 Qc2 32. Rd2 Qc1+ 33. Kh2 Rb1 34. g4 Qh1+ 35. Kg3 Qe1+ 36. Kh3 Kg7 37. Qc3 Qh1+ 38. Kg3 g5 39. f4 Qh4+ 40. Kf3 Rf1+ 41. Ke2 Qe1+ 0-1

[Event "ESTCC 50 2019"]
[Site "Mali Losinj"]
[Date "2019.09.26"]
[Round "9.6"]
[White "Shcherbakov, Ruslan"]
[Black "Fox, Anthony"]
[Result "1/2-1/2"]
[ECO "E05"]
[WhiteElo "2516"]
[BlackElo "2023"]
[Annotator "ChessBase"]
[PlyCount "105"]
[EventDate "2019.09.18"]
[EventType "team-tourn"]
[EventCountry "CRO"]
[SourceTitle "playchess.com"]
[Source "ChessBase"]
[SourceQuality "1"]
[WhiteTeam "Russia"]
[BlackTeam "Ireland"]
[WhiteTeamCountry "RUS"]
[BlackTeamCountry "IRL"]
[TimeControl "40/5400+30:1800+30"]

1. d4 d5 2. c4 e6 3. Nf3 Nf6 4. g3 Be7 5. Bg2 O-O 6. O-O dxc4 7. Qc2 a6 8. a4 Bd7 9. Qxc4 Bc6 10. Bf4 a5 11. Nc3 Na6 12. Rac1 Bxf3 13. Bxf3 c6 14. Rfd1 Nb4 15. Bd2 Qb6 16. Nb1 Rfd8 17. e3 Qa7 18. Na3 Rac8 19. Qb3 Nd7 20. Bc3 Nb6 21. h4 N4d5 22. Be1 Nf6 23. h5 h6 24. Kg2 Nfd7 25. Bc3 Nf6 26. Be1 Nfd7 27. Nb1 Nf6 28. Nc3 Nbd5 29. Ne2 Bf8 30. Bd2 Nb4 31. Nc3 Re8 32. Ne4 Nxe4 33. Bxe4 Rcd8 34. Bc3 Nd5 35. Bf3 Nb4 36. Rd2 Rd7 37. Rcd1 Red8 38. Bxb4 Bxb4 39. Rc2 Qb8 40. Rcc1 Qd6 41. Be4 Qe7 42. Qc4 Qf6 43. Bc2 g6 44. hxg6 fxg6 45. Bb3 Rd6 46. Qe2 Kg7 47. Rh1 e5 48. Rh4 g5 49. Re4 exd4 50. exd4 Rxd4 51. Re6 Rd2 52. Qe3 Qd4 53. Qxd4+ 1/2-1/2

[Event "ESTCC 50 2019"]
[Site "Mali Losinj"]
[Date "2019.09.26"]
[Round "9.7"]
[White "Lyons, Brendan"]
[Black "Yakovich, Yuri"]
[Result "0-1"]
[ECO "A04"]
[WhiteElo "1971"]
[BlackElo "2518"]
[Annotator "ChessBase"]
[PlyCount "55"]
[EventDate "2019.09.18"]
[EventType "team-tourn"]
[EventCountry "CRO"]
[SourceTitle "playchess.com"]
[Source "ChessBase"]
[SourceQuality "1"]
[WhiteTeam "Ireland"]
[BlackTeam "Russia"]
[WhiteTeamCountry "IRL"]
[BlackTeamCountry "RUS"]
[TimeControl "40/5400+30:1800+30"]

1. e4 c5 2. Nf3 Nc6 3. d3 g6 4. g3 Bg7 5. Bg2 e5 6. O-O Nge7 7. c3 O-O 8. Re1 d6 9. a3 h6 10. b4 a6 11. Nbd2 Be6 12. Nb3 b6 13. Bb2 Rc8 14. Rb1 Kh7 15. Nbd2 f5 16. Bh3 g5 17. exf5 Bxf5 18. Bxf5+ Nxf5 19. g4 Nfe7 20. d4 Ng6 21. d5 Nce7 22. Ne4 Qd7 23. Nfxg5+ hxg5 24. Nxg5+ Kg8 25. Re4 Rf4 26. Rxf4 Nxf4 27. Bc1 Nexd5 28. Qf3 0-1